 Dungeon Crawl Stone Soup version 0.21-a0-426-g98080a9 (webtiles) character file.

55 kae the Insei (level 3, 0/29 HPs)
             Began as a Draconian Transmuter on Nov 7, 2017.
             Slain by a phantom (5 damage)
             ... on level 2 of the Dungeon.
             The game lasted 00:01:34 (1640 turns).

kae the Insei (Draconian Transmuter)                Turns: 1640, Time: 00:01:34

Health: 0/29       AC:  6    Str: 12    XL:     3   Next: 67%
Magic:  5/6        EV: 12    Int: 13    God:
Gold:   126        SH:  0    Dex: 12    Spells: 0/6 levels left

rFire    . . .     SeeInvis .     - Unarmed
rCold    . . .     Gourm    .   (no shield)
rNeg     . . .     Faith    .   (armour unavailable)
rPois    .         Spirit   .   (helmet restricted)
rElec    .         Reflect  .   (no cloak)
rCorr    .         Harm     .   d - +0 pair of gloves
MR       .....                  (no boots)
Stlth    +.........             (no amulet)
HPRegen  0.09/turn              (no ring)
MPRegen  0.10/turn              (no ring)

@: appendage
A: unfitting armour, horns 2, cold-blooded, AC +5
a: End Transformation


You were on level 2 of the Dungeon.
You were near starving.
You had grown temporary horns.
You visited 1 branch of the dungeon, and saw 2 of its levels.

You collected 126 gold pieces.

Inventory:

Missiles
 a - 30 arrows
Armour
 d - a +0 pair of gloves (worn)
Jewellery
 j - an uncursed ring of wizardry {unknown}
Scrolls
 e - a scroll of identify {unknown}
Potions
 g - a potion of degeneration {unknown}
 h - a potion of ambrosia {unknown}
 i - a potion of brilliance {unknown}
 k - a potion of flight {unknown}
Books
 b - a book of Changes

   Spells                             Type                      Level
   a - Beastly Appendage              Transmutation                1
   b - Sticks to Snakes               Transmutation                2
   c - Spider Form                    Transmutation/Poison         3
   d - Ice Form                       Ice/Transmutation            4
   e - Blade Hands                    Transmutation                5
Comestibles
 c - 2 bread rations


   Skills:
 + Level 1.8 Fighting
 - Level 1.7 Dodging
 * Level 3.6 Unarmed Combat
 + Level 2.3 Spellcasting
 * Level 2.9 Transmutations


You couldn't memorise any spells.
You knew the following spells:

 Your Spells              Type           Power        Failure   Level  Hunger
a - Beastly Appendage     Tmut           #.....       8%          1    #......
b - Sticks to Snakes      Tmut           #.......     11%         2    ###....
c - Spider Form           Tmut/Pois      #.........   38%         3    ###....


Dungeon Overview and Level Annotations

Branches:
Dungeon (2/15)

Altars:


Innate Abilities, Weirdness & Mutations

Your plain brown scales are hard. (AC +5)
You cannot fit into any form of body armour.
You are cold-blooded and may be slowed by cold attacks.
You have a pair of horns on your head.


Message History

You continue putting on your pair of gloves. x4
You finish putting on your +0 pair of gloves.
You start resting.
A phantom comes into view.
You hit the phantom but do no damage.
The phantom hits you but does no damage.
You barely miss the phantom. The phantom hits you.
You are too injured to fight recklessly!
You are too injured to fight recklessly!
You are too injured to fight recklessly!
You are too injured to fight recklessly!
Casting: Beastly Appendage
Confirm with . or Enter, or press ? or * to list all spells.
You grow a pair of large bovine horns.
You are near starving!
The phantom barely misses you. The phantom hits you!
* * * LOW HITPOINT WARNING * * *
You closely miss the phantom. The phantom hits you.
You die...

###.########...###....
#.# . ##... #.# #...
#.####### #...
#.......# #...
#.......# #...
#.......# #...
#.......# ####
#..@....# #.W.[...#
#.####### #........
#........ #........
#........ #........
#.#######


You could see a phantom.

Vanquished Creatures
  2 adders (D:2)
  3 worms (D:2)
  A dart slug (D:2)
  A leopard gecko (D:1)
  A giant cockroach (D:2)
  4 goblins (D:1)
  3 hobgoblins (D:1)
  2 bats
  5 frilled lizards
  4 kobolds
  3 rats
29 creatures vanquished.

Notes
Turn   | Place    | Note
-------+----------+-------------------------------------------
     0 | D:1      | kae the Draconian Transmuter began the quest for the Orb.
     0 | D:1      | Reached XP level 1. HP: 16/16 MP: 3/3
   432 | D:1      | Reached XP level 2. HP: 18/23 MP: 5/5
   938 | D:2      | Reached XP level 3. HP: 11/28 MP: 6/6
  1525 | D:2      | Learned a level 2 spell: Sticks to Snakes
  1529 | D:2      | Learned a level 3 spell: Spider Form
  1634 | D:2      | Noticed a phantom
  1640 | D:2      | Slain by a phantom

Vault maps used:
D:1:      matt_arrival_los_fun
D:2:      minmay_unequal

Action                   || total
-------------------------++-------
Melee: Unarmed           ||   133
       Tailslap          ||     7
       Headbutt          ||     3
       Punch             ||     2
       Kick              ||     1
 Cast: Beastly Appendage ||     6
  Use: Scroll            ||     2
       Potion            ||     3
  Eat: Chunk             ||     1
Armor: Skin              ||    40
Dodge: Dodged            ||    76

Table legend:
 A = Spawn XP
 B = Non-spawn XP
 C = Spawn XP percentage of total XP
 D = Spawn monster count
 E = Non-spawn monster count
 F = Spawn count percentage of total count
 G = Total turns spent on level
                    A         B        C        D         E        F      G
               +---------+---------+-------+---------+---------+-------+---------
         Total |       0 |      79 |   0.0 |       0 |      29 |   0.0 |  1640
               +---------+---------+-------+---------+---------+-------+---------
           D:1 |       0 |      24 |   0.0 |       0 |      15 |   0.0 |   815
           D:2 |       0 |      55 |   0.0 |       0 |      14 |   0.0 |   825
               +---------+---------+-------+---------+---------+-------+---------
